 Dungeon Crawl Stone Soup version 0.31-a0-986-g5e6e4ef867 (webtiles) character file.

Game seed: 4254086592197254893

93 gelatine the Trooper (level 4, -1/37 HPs)
             Began as a Demonspawn Fighter on Nov 21, 2023.
             Killed by divine providence
             ... invoked by an orc priest
              (12 damage)
             ... on level 3 of the Dungeon.
             The game lasted 00:04:20 (1614 turns).

gelatine the Trooper (Demonspawn Fighter)           Turns: 1614, Time: 00:04:20

Health: -1/37      AC:  6    Str: 18    XL:     4   Next: 37%
Magic:  4/4        EV: 11    Int:  9    God:
Gold:   86         SH:  0    Dex: 13    Spells: 1/3 levels left

rFire   . . .        m - +0 hand axe
rCold   . . .        c - +0 buckler
rNeg    . . .        l - +0 leather armour
rPois   .            (no helmet)
rElec   .            (no cloak)
rCorr   .            k - +0 pair of gloves
SInv    .            (no boots)
Will    .....        (no amulet)
Stlth   +            (no ring)
HPRegen 0.26/turn    (no ring)
MPRegen 0.09/turn

%: no passive effects
@: confused
A: sharp scales 2
a: no special abilities


You were on level 3 of the Dungeon.
You visited 1 branch of the dungeon, and saw 3 of its levels.

You collected 86 gold pieces.

Inventory:

Hand Weapons
 a - a +0 war axe
 m - a +0 hand axe (weapon)
Missiles
 f - 4 poisoned darts
 j - 15 stones (quivered)
Armour
 b - a +0 scale mail
 c - a +0 buckler (worn)
 k - a +0 pair of gloves (worn)
 l - a +0 leather armour (worn)
 p - a +0 robe
 u - a +0 ring mail
Wands
 t - a wand of paralysis (12)
Scrolls
 e - a scroll of identify {unknown}
 g - a scroll of revelation {unknown}
 h - 3 scrolls of vulnerability {unknown}
 n - a scroll of noise {unknown}
 o - a scroll of silence {unknown}
 s - a scroll of poison {unknown}
Potions
 d - a potion of might
 i - a potion of berserk rage {unknown}
 q - a potion of attraction {unknown}
 r - a potion of ambrosia {unknown}


   Skills:
 + Level 3.7 Fighting
 + Level 2.4 Axes
 + Level 0.3 Throwing
 + Level 3.0 Armour
 * Level 1.6 Dodging
 + Level 0.4 Stealth
 + Level 2.9 Shields


You had one spell level left.
You knew the following spells:

 Your Spells              Type           Power      Damage    Failure   Level
a - Wereblood             Tmut           0%         N/A       67%         2

Your spell library contained the following spells:

 Spells                   Type           Power      Damage    Failure   Level
 Sublimation of Blood     Necr           0%         N/A       67%         2
 Summon Hydra             Summ           0%         N/A       100%        7


Dungeon Overview and Level Annotations

Branches:
Dungeon (3/15)

Altars:


Innate Abilities, Weirdness & Mutations

You are mostly covered in razor-sharp scales. (AC +2, Slay +2)


Message History

You kill the orc!
You barely miss the orc wizard.
The orc wizard is almost dead.
The orc wizard hits you but does no damage.
You barely miss the orc. You hit the orc wizard.
The orc hits you with a +0 short sword. The orc wizard casts a spell at you.
You resist with significant effort.
The orc priest casts a cantrip, but nothing happens.
The orc wizard hits you but does no damage.
The orc barely misses you.
You hit the orc.
The orc is severely wounded.
You miss the orc wizard. You block the orc's attack.
The orc wizard casts a spell at you.
You are confused.
Unknown command.
You slash the orc!
You kill the orc!
You closely miss the orc wizard.
The orc wizard hits you but does no damage.
Your Armour skill increases to level 3!
You have reached level 4!
You feel agile.
You're too confused to move!
The orc priest miscasts a cantrip.
The orc wizard hits you with a +0 dagger.
You hit the orc priest.
The orc priest is moderately wounded.
You hit the orc wizard.
You kill the orc wizard!
The orc priest invokes the aid of Beogh against you.
Pain shoots through your body!
You bump into the rock wall.
The orc priest hits you with a +0 flail.
* * * LOW HITPOINT WARNING * * *
You're too confused to move!
The orc priest mumbles some strange prayers to Beogh against you.
Beogh smites you!
You die...

##...##.##
#.......##
####.....#
#...#.########
###...........
##.#.<......
#.#........
.######)...<.....
......o@.........
...######........
#........
#........
#........
#########


You could see an orc priest.

Vanquished Creatures
  An orc wizard (D:3)
  2 adders (D:2)
  2 worms (D:2)
  3 orcs (D:3)
  3 ball pythons (D:1)
  2 bats
  3 endoplasms (D:2)
  3 giant cockroaches (D:2)
  3 hobgoblins (D:2)
  6 kobolds
  3 quokkas (D:2)
  3 frilled lizards (D:2)
  5 goblins
  3 rats
42 creatures vanquished.

Notes
Turn   | Place    | Note
-------+----------+-------------------------------------------
     0 | D:1      | gelatine the Demonspawn Fighter began the quest for the
                  | Orb.
     0 | D:1      | Reached XP level 1. HP: 18/18 MP: 1/1
   547 | D:1      | Gained mutation: You are partially covered in razor-sharp
                  | scales. (AC +1, Slay +1) [demonic ancestry]
   547 | D:1      | Reached XP level 2. HP: 22/24 MP: 2/2
   731 | D:2      | Reached skill level 1 in Dodging
   731 | D:2      | Gained mutation: You are mostly covered in razor-sharp
                  | scales. (AC +2, Slay +2) [demonic ancestry]
   731 | D:2      | Reached XP level 3. HP: 19/29 MP: 3/3
  1584 | D:3      | Learned a level 2 spell: Wereblood
  1611 | D:3      | Reached XP level 4. HP: 23/37 MP: 4/4
  1614 | D:3      | Killed from afar by an orc priest

Illustrated notes

Levels and vault maps discovered:
D:1:      dpeg_arrival_simpleton_c, layout_basic
D:2:      layout_loops_cross
D:3:      minmay_goblin_kobold_castle, layout_rooms

Skill      XL: |  1  2  3 |
---------------+----------+-----
Dodging        | 1 |  1.6
Axes           | 2 |  2.4
Armour         | 3 |  3.0
Fighting       | |  3.7
Throwing       | |  0.3
Stealth        | |  0.4
Shields        | |  2.9

Action                     |  1- 3 |  4- 6 || total
---------------------------+-------+-------++-------
  Melee: War axe           |    24 |       ||    24
         Hand axe          |    89 |     1 ||    90
  Throw: Dart              |     6 |       ||     6
         Stone             |    22 |       ||    22
   Stab: Sleeping          |     1 |       ||     1
 Armour: Scale mail        |    27 |       ||    27
         Leather armour    |    15 |     2 ||    17
         Robe              |    25 |       ||    25
         Ring mail         |     6 |       ||     6
  Dodge: Dodged            |    52 |       ||    52
  Block: Buckler           |    25 |       ||    25

Table legend: (Time is in decaauts)
 A = Elapsed time spent in this place.
 B = Non-inter-level travel time spent in this place.
 C = Inter-level travel time spent in this place.
 D = Time resting spent in this place.
 E = Time spent auto-exploring this place.
 F = Levels seen in this place.
 G = Mean time per level.
                   A        B        C        D        E       F      G
               +--------+--------+--------+--------+--------+-----+--------+
         Total |   1649 |   1594 |     55 |      0 |   1131 |   3 |  549.7 |
       Dungeon |   1649 |   1594 |     55 |      0 |   1131 |   3 |  549.7 |
               +--------+--------+--------+--------+--------+-----+--------+

Top non-repeatable levels by time:
     D:2: 893 daAuts
     D:1: 705 daAuts
     D:3: 49 daAuts
